 Dungeon Crawl Stone Soup version 0.25.1-2-g60ff931df9 (webtiles) character file.

Game seed: 17236158880585246692

909 DogServant the Ruffian (level 8, 0/72 HPs)
             Began as a Naga Transmuter on Oct 18, 2020.
             Was an Initiate of Okawaru.
             Slain by a sky beast (6 damage)
             ... on level 5 of the Dungeon.
             The game lasted 00:08:26 (5780 turns).

DogServant the Ruffian (Naga Transmuter)            Turns: 5780, Time: 00:08:27

Health: 0/72       AC:  3    Str: 15    XL:     8   Next: 8%
Magic:  11/11      EV: 10    Int: 13    God:    Okawaru [......]
Gold:   226        SH:  0    Dex: 12    Spells: 7/11 levels left

rFire    . . .     SeeInvis +   f - +1 whip (elec)
rCold    . . .     Gourm    .   (no shield)
rNeg     . . .     Faith    .   b - +0 robe
rPois    +         Spirit   .   (no helmet)
rElec    .         Reflect  .   (no cloak)
rCorr    .         Harm     .   (no gloves)
MR       ++...                  (no barding)
Stlth    +.........             (no amulet)
HPRegen  0.22/turn              g - ring of protection from magic
MPRegen  0.12/turn              (no ring)

@: appendage (expiring), very slow
A: large, horns 2, see invisible, deformed body, poison resistance, slowness 2,
slow metabolism 1, spit poison 1, AC +2
a: Spit Poison, End Transformation, Renounce Religion


You were on level 5 of the Dungeon.
You worshipped Okawaru.
Okawaru was noncommittal.
You were very hungry.
You had grown temporary horns.
You visited 2 branches of the dungeon, and saw 6 of its levels.

You collected 226 gold pieces.

Inventory:

Hand Weapons
 f - a +1 whip of electrocution (weapon)
Missiles
 a - 64 arrows
Armour
 b - a +0 robe (worn)
 r - a cursed +0 ring mail
Jewellery
 g - a ring of protection from magic (left hand)
Scrolls
 h - a scroll of amnesia {unknown}
 i - 2 scrolls of teleportation {unknown}
 k - 2 scrolls of identify
 o - a scroll of noise {unknown}
 p - a scroll of random uselessness {unknown}
 u - a scroll of enchant weapon {unknown}
Potions
 c - 2 potions of stabbing
 e - a potion of brilliance
 j - a potion of lignification
 l - a potion of resistance
 m - a potion of magic
 n - a potion of haste
 q - a potion of curing
 s - a potion of might {unknown}
 t - a potion of invisibility {unknown}
Comestibles
 d - 12 rations


   Skills:
 + Level 3.7 Fighting
 - Level 1.5 Dodging
 + Level 5.8 Unarmed Combat
 - Level 2.0 Spellcasting
 + Level 5.3 Transmutations
 + Level 4.7 Poison Magic


You had 7 spell levels left.
You knew the following spells:

 Your Spells              Type           Power        Failure   Level  Hunger
a - Beastly Appendage     Tmut           ###...       2%          1    ##.....
b - Spider Form           Tmut/Pois      ##........   10%         3    ####...

Your spell library contained the following spells:

 Spells                   Type           Power        Failure   Level  Hunger
 Sticks to Snakes         Tmut           ###.....     4%          2    ###....
 Blade Hands              Tmut           ###.......   61%         5    ######.
 Ice Form                 Ice/Tmut       #.......     63%         4    #####..


Dungeon Overview and Level Annotations

Branches:
Dungeon (5/15)             Temple (1/1) D:5

Altars:
Ashenzari
Cheibriados
Dithmenos
Elyvilon
Fedhas
Gozag
Hepliaklqana
Kikubaaqudgha
Makhleb
Nemelex Xobeh
Okawaru
Qazlal
Ru
Sif Muna
Trog
Uskayaw
Vehumet
Wu Jian
Xom
Yredelemnul
Zin
The Shining One

Shops:
D:4 (


Innate Abilities, Weirdness & Mutations

You cannot wear boots.
Your serpentine skin is tough. (AC +2)
You have supernaturally acute eyesight. (SInv)
Armour fits poorly on your strangely shaped body.
Your system is resistant to poisons. (rPois)
You cover ground very slowly.
You have a slow metabolism.
You can spit poison.
You have a pair of horns on your head.


Message History

You are feeling very hungry.
You barely miss the sky beast.
The sky beast is almost dead.
Your transformation is almost over.
The sky beast hits you. The sky beast shocks you.
* * * LOW HITPOINT WARNING * * *
The sky beast completely misses you.
You hit the sky beast but do no damage.
The sky beast is almost dead.
The sky beast hits you.
* * * LOW HITPOINT WARNING * * *
The sky beast shocks you.
* * * LOW HITPOINT WARNING * * *
Unknown command.
You hit the sky beast but do no damage. Your headbutt misses the sky beast.
The sky beast is almost dead.
The sky beast hits you.
* * * LOW HITPOINT WARNING * * *
The sky beast shocks you.
You die...

. .### ...
....Z......... .. #.....
.........(...... .. #...
.........(....## ....
.......h(...### #..##
#..#####)....# #...
##..####..#...#
#?.###.....#.....#.#
###.(..............##
#..Y@...............#
.....##................#
### ###................#
#...(..............#
#.##...............# ...
#...............# ###
##.............#
##.....#.....#
############


You could see a sky beast (invisible).

Vanquished Creatures
  Grinder (D:3)
  Duvessa (D:5)
  An ice beast (D:5)
  A centaur (D:5)
  Dowan (D:5)
  3 bullfrog zombies (D:5)
  2 orc wizards
  A worker ant (D:5)
  A hound zombie (D:5)
  A worker ant zombie (D:3)
  3 gnolls (D:2)
  A howler monkey skeleton (D:4)
  4 adders
  An ooze (D:2)
  An adder skeleton (D:5)
  3 worms
  2 dart slugs (D:1)
  4 leopard geckos
  11 orcs
  5 bats
  A giant cockroach (D:1)
  5 goblins
  6 hobgoblins
  13 jackals
  3 kobolds
  A quokka (D:3)
  2 frilled lizards
  9 rats
88 creatures vanquished.

Notes
Turn   | Place    | Note
-------+----------+-------------------------------------------
     0 | D:1      | DogServant the Naga Transmuter began the quest for the Orb.
     0 | D:1      | Reached XP level 1. HP: 18/18 MP: 3/3
   415 | D:1      | Reached XP level 2. HP: 20/25 MP: 3/5
  1016 | D:1      | Reached XP level 3. HP: 28/31 MP: 6/6
  1948 | D:2      | Reached XP level 4. HP: 38/38 MP: 5/7
  2926 | D:3      | Learned a level 3 spell: Spider Form
  2988 | D:3      | Reached XP level 5. HP: 42/44 MP: 8/8
  3107 | D:3      | Reached skill level 1 in Poison Magic
  3451 | D:3      | Noticed Grinder
  3463 | D:3      | Killed Grinder
  3463 | D:3      | Reached skill level 5 in Unarmed Combat
  3463 | D:3      | Reached XP level 6. HP: 35/55 MP: 9/9
  3843 | D:4      | Found Qadocs's Weapon Shoppe.
  4134 | D:4      | Reached XP level 7. HP: 46/61 MP: 10/10
  4406 | D:5      | Entered Level 5 of the Dungeon
  4469 | D:5      | Found a staircase to the Ecumenical Temple.
  4518 | Temple   | Entered the Ecumenical Temple
  4719 | Temple   | Became a worshipper of Warmaster Okawaru
  5123 | D:5      | Found a white marble altar of Elyvilon.
  5151 | D:5      | Noticed Duvessa
  5156 | D:5      | Noticed Dowan
  5171 | D:5      | Killed Duvessa
  5181 | D:5      | Killed Dowan
  5181 | D:5      | Reached skill level 5 in Transmutations
  5468 | D:5      | Reached XP level 8. HP: 20/70 MP: 9/11
  5482 | D:5      | Reached * piety under Okawaru
  5780 | D:5      | Slain by a sky beast

Illustrated notes

Levels and vault maps discovered:
D:1:      lightli_arrival_quake, layout_loops_ring, hangedman_decor_push
D:2:      layout_basic
D:3:      layout_rooms, uniq_grinder
D:4:      layout_loops_cross, serial_shops, shop, chequers_serial_rivers_small_a
D:5:      layout_rooms, lemuel_doored_altar, minmay_temple_entry_antechambers,
          first_ration, uniq_duvessa
Temple:   minmay_crystal_snake_temple

Skill      XL: |  1  2  3  4  5  6  7 |
---------------+----------------------+-----
Transmutations | 3 4 5 |  5.3
Unarmed Combat | 4 5 |  5.8
Poison Magic   | 2 3 4 |  4.7
Fighting       | 2 3 |  3.7
Dodging        | |  1.5
Spellcasting   | |  2.0

Action                   |  1- 3 |  4- 6 |  7- 9 || total
-------------------------+-------+-------+-------++-------
Melee: Unarmed           |    45 |       |    38 ||    83
       Headbutt          |     5 |    10 |     3 ||    18
       Short sword       |    60 |    10 |       ||    70
       Whip              |       |   102 |    58 ||   160
       Punch             |       |     2 |       ||     2
 Cast: Beastly Appendage |    10 |    10 |     4 ||    24
       Spider Form       |       |       |     2 ||     2
 Abil: Spit Poison       |    11 |     5 |     1 ||    17
  Use: Scroll            |     3 |     2 |     1 ||     6
       Potion            |       |     3 |     2 ||     5
 Stab: Sleeping          |       |       |     1 ||     1
  Eat: Chunk             |     3 |     6 |       ||     9
       Ration            |       |       |     1 ||     1
Armor: Robe              |    31 |    34 |     8 ||    73
       Skin              |       |    13 |     2 ||    15
Dodge: Dodged            |    70 |    71 |    56 ||   197
